Map: The Vermillion Problem

Players

NamroodTuo

  • Race: Terran Terran
  • Spawn Location: 11:00

KoKlem

  • Race: Terran Terran
  • Spawn Location: 11:00

VOD

Have the link to the VOD?

Description

Time

  • Played on: Jan. 10, 2023, 11:05 a.m.
  • Length: 33:56
Show
View Real Time Build Order
Export as new Build Order

NamroodTuo Terran 

Build Orders:  

Get SALT Encoding   

  12  0:05  SCV  
  13  0:18  SCV  
  14  0:31  Supply Depot  
  14  0:32  SCV  
  15  1:02  Factory  
  15  1:14  SCV  
  16  1:21  Engineering Bay  
  16  1:27  SCV  
  17  1:32  Refinery  
  17  1:41  SCV  
  18  1:56  Supply Depot  
  18  2:10  Hellbat  
  20  2:34  Hellbat  
  20  2:38  Devastation Turret  
  22  3:23  Goliath  
  22  3:27  SCV  
  25  3:41  SCV  
  25  3:44  Devastation Turret  
  26  3:54  SCV  
  26  3:55  Goliath  
  26  3:56  Perdition Turret  
  29  4:08  SCV  
  30  4:22  SCV  
  31  5:02  Perdition Turret  
  31  6:38  Perdition Turret  
  31  6:50  Supply Depot  
  31  6:59  Refinery  
  31  7:03  Perdition Turret  
  31  7:20  SCV  
  31  7:21  Supply Depot  
  32  7:33  SCV  
  33  7:47  SCV  
  34  7:52  Supply Depot  
  34  8:01  SCV  
  35  8:14  SCV  
  36  8:22  Missile Turret  
  36  8:23  Supply Depot  
  36  8:28  SCV  
  37  8:41  SCV  
  38  8:53  Missile Turret  
  38  8:55  SCV  
  31  9:08  SCV  
  32  9:15  Structure Armor  
  32  9:18  Factory Tech Lab  
  32  9:31  Armory  
  32  9:45  Missile Turret  
  32  9:52  Perdition Turret  
  32  9:54  Perdition Turret  
  32  9:56  Perdition Turret  
  31  10:11  Perdition Turret  
  31  10:12  Perdition Turret  
  31  10:15  Hi-Sec Auto Tracking  
  31  10:39  Devastation Turret  
  31  10:48  Devastation Turret  
  31  11:13  Devastation Turret  
  31  11:16  Goliath  
  31  11:17  Devastation Turret  
  33  11:21  Terran Vehicle and Ship Weapons Level 1  
  33  11:47  Perdition Turret  
  33  11:48  Goliath  
  35  11:53  Factory  
  35  11:56  Ares-Class Targeting System  
  35  12:12  Perdition Turret  
  35  12:20  Goliath  
  35  12:22  Perdition Turret  
  37  12:49  Supply Depot  
  37  12:52  Goliath  
  37  12:57  Goliath  
  41  13:16  Missile Turret  
  41  13:22  Supply Depot  
  41  13:24  Goliath  
  41  13:29  Goliath  
  45  13:51  Missile Turret, Perdition Turret  
  45  13:52  Perdition Turret  
  45  13:53  Supply Depot  
  45  13:56  Goliath  
  45  14:01  Goliath, Terran Vehicle And Ship Armor Level 1  
  47  14:18  Perdition Turret  
  47  14:21  Perdition Turret x2  
  47  14:25  Perdition Turret, Supply Depot  
  47  14:28  Goliath  
  47  14:29  Perdition Turret  
  44  14:33  Goliath  
  46  15:00  Goliath  
  46  15:05  Goliath  
  50  15:32  Goliath  
  50  15:37  Goliath  
  54  16:04  Goliath  
  54  16:09  Goliath  
  58  16:21  Command Center  
  58  16:35  SCV  
  58  16:36  Goliath  
  61  16:41  Goliath  
  63  17:17  Devastation Turret  
  63  17:21  Devastation Turret  
  63  17:23  Devastation Turret x2  
  63  17:25  Upgrade Laser Drill Level 1, Devastation Turret  
  63  17:54  Devastation Turret  
  63  18:05  SCV  
  64  18:11  Goliath x2  
  64  18:18  SCV  
  69  18:20  SCV  
  70  18:30  Supply Depot  
  70  18:32  SCV  
  70  18:34  SCV  
  72  18:43  Goliath x2  
  72  18:46  SCV  
  72  18:47  SCV  
  78  18:59  SCV  
  60  19:01  SCV  
  60  19:04  Supply Depot  
  54  19:15  Goliath x2  
  54  20:13  Perdition Turret  
  54  20:32  Devastation Turret  
  54  20:37  Perdition Turret  
  54  21:01  Devastation Turret  
  54  21:02  Perdition Turret  
  54  21:06  Terran Vehicle and Ship Weapons Level 2  
  54  21:26  Perdition Turret  
  54  21:30  Devastation Turret  
  54  21:34  Starport  
  39  21:52  Devastation Turret  
  35  22:16  Perdition Turret  
  32  22:20  Devastation Turret  
  32  22:27  Starport Tech Lab  
  32  22:39  Starport  
  32  23:07  Pulse Amplifier  
  32  23:30  Starport  
  32  24:04  Wraith x2  
  35  24:16  Terran Vehicle And Ship Armor Level 2  
  35  24:23  Supply Depot  
  35  24:43  Wraith  
  35  24:44  Wraith  
  39  24:54  Supply Depot  
  38  25:23  Wraith  
  38  25:24  Wraith  
  42  25:32  Wraith  
  44  26:03  Perdition Turret x2, Wraith  
  44  26:04  Wraith  
  48  26:12  Wraith  
  50  26:43  Wraith x2  
  54  26:52  Wraith  
  54  27:23  Wraith x2  
  58  27:32  Wraith  
  60  28:03  Wraith x2  
  64  28:12  Wraith  
  64  28:18  SCV  
  67  28:31  SCV  
  68  28:43  Wraith x2  
  72  28:52  Wraith  
  74  29:23  Wraith x2  
  78  29:30  Perdition Turret  
  78  29:32  Wraith  
  78  29:38  Perdition Turret  
  77  29:47  Perdition Turret  
  75  29:52  Perdition Turret  
  75  29:53  Perdition Turret  
  75  30:03  Wraith x2  
  79  30:12  Wraith  
  79  30:18  Perdition Turret  
  81  30:42  Perdition Turret  
  81  30:43  Wraith x2  
  83  31:07  Perdition Turret  
  78  32:15  Perdition Turret  
  78  32:21  Perdition Turret  
  78  32:27  Perdition Turret  
  72  33:47  Supply Depot  
Show
View Real Time Build Order
Export as new Build Order

KoKlem Terran 

Build Orders:  

Get SALT Encoding   

  12  0:06  SCV  
  13  0:23  SCV  
  13  0:28  Supply Depot  
  14  0:40  SCV  
  14  0:47  Refinery  
  15  1:08  Barracks  
  15  1:18  SCV  
  16  1:44  Orbital Command  
  16  1:51  Refinery  
  16  1:59  Barracks Reactor  
  16  2:21  SCV  
  17  2:38  SCV  
  18  2:44  Engineering Bay  
  18  2:54  Marine x2  
  18  2:55  SCV  
  21  3:12  SCV  
  22  3:21  Barracks  
  22  3:29  SCV  
  23  3:42  Terran Infantry Weapons Level 1  
  23  3:54  Barracks Tech Lab  
  23  3:58  Barracks  
  23  4:15  Supply Depot  
  23  4:18  SCV  
  24  4:27  Unknown  
  22  4:35  SCV, Supply Depot  
  22  4:37  Supply Depot  
  22  4:40  Supply Depot  
  22  4:43  Supply Depot  
  22  4:49  Supply Depot  
  22  4:52  SCV  
  23  5:01  Marine  
  23  5:09  SCV  
  25  5:14  Barracks Tech Lab  
  25  5:16  Missile Turret  
  25  5:27  Engineering Bay  
  25  5:31  Medic  
  25  5:39  Marine x2  
  27  5:41  Medic  
  27  5:45  Marine  
  32  5:56  SCV  
  33  6:04  Terran Infantry Armor Level 1  
  33  6:13  SCV  
  34  6:33  Stabilizer Medpacks  
  34  6:38  Concussive Shells  
  34  6:40  Marine x2  
  34  6:44  Marauder  
  34  6:46  Marauder  
  40  6:56  Medic  
  40  6:58  Medic  
  44  7:16  SCV  
  45  7:30  Barracks  
  45  8:52  Barracks Reactor  
  45  9:00  Barracks  
  45  9:10  SCV  
  46  9:27  SCV  
  47  9:36  Factory  
  47  10:34  Command Center  
  47  10:38  Refinery  
  47  10:48  Armory  
  47  10:50  Barracks Tech Lab  
  47  10:54  Marine, Medic x2  
  47  10:55  Marine  
  47  10:56  Marine x2  
  55  11:04  Marine, Marauder  
  55  11:05  Marine, Marauder  
  55  11:06  Marine x2  
  63  11:17  Marauder, Medic  
  65  11:28  Marauder  
  69  12:30  Orbital Command  
  69  12:32  SCV  
  69  12:39  Marine x3, Medic, Marauder  
  77  12:40  Marauder, Marine  
  70  12:49  SCV, Marine x2  
  81  12:50  Marine, Marauder  
  86  13:32  Marine x4, Supply Depot  
  86  13:33  Marauder, Medic, Firebat, Supply Depot  
  86  13:34  Supply Depot  
  86  13:35  Supply Depot x2  
  86  13:37  Supply Depot  
  96  13:40  Supply Depot  
  96  13:41  Supply Depot  
  96  13:44  Medic  
  96  13:45  Medic, Firebat  
  96  13:46  Supply Depot  
  96  13:48  Supply Depot  
  96  13:49  Terran Infantry Weapons Level 2, Supply Depot  
  102  13:50  Terran Infantry Armor Level 2  
  102  13:54  Marauder  
  102  13:55  Medic  
  102  13:58  Marauder  
  106  14:00  SCV  
  106  14:05  Medic  
  106  14:06  Medic  
  113  14:17  SCV  
  114  14:29  Supply Depot  
  114  14:32  Supply Depot  
  114  14:34  SCV  
  114  14:35  Supply Depot  
  111  15:02  Command Center  
  91  16:33  Marine x3, Medic, Marauder x2  
  91  16:34  Marine  
  98  16:43  Marine x2, Medic  
  98  16:44  Marine x2  
  98  16:46  Marauder, Medic  
  108  16:53  Marine  
  108  16:54  Firebat  
  108  16:56  Medic  
  108  16:58  Medic  
  113  17:06  Medic  
  117  17:51  Orbital Command  
  117  18:10  Missile Turret  
  117  18:14  Missile Turret  
  117  18:16  Missile Turret  
  117  18:39  SCV, Missile Turret, Refinery  
  118  18:56  SCV  
  119  19:07  Marauder  
  119  19:08  Marine x4, Marauder x2  
  119  19:13  SCV  
  119  19:18  Marine x3  
  119  19:19  Marine  
  130  19:20  Marauder  
  130  19:21  Marauder x2  
  140  19:30  SCV  
  140  19:33  Marauder  
  143  19:47  SCV  
  144  20:30  SCV  
  145  20:47  SCV  
  146  21:00  Incinerator Gauntlets  
  146  21:02  Juggernaut Plating  
  146  21:04  SCV  
  146  21:05  Terran Infantry Weapons Level 3  
  146  21:06  Terran Infantry Armor Level 3  
  147  21:15  Supply Depot  
  147  21:21  SCV  
  148  21:38  SCV  
  135  22:18  SCV  
  135  22:35  SCV  
  131  22:52  SCV  
  132  23:08  SCV  
  111  23:25  SCV  
  112  23:49  SCV  
  113  24:05  Marine, Medic, Marauder  
  113  24:06  Marine x3, SCV, Marauder  
  124  24:15  Marine, Medic  
  124  24:16  Marine x3  
  124  24:18  Marauder, Medic  
  125  24:23  SCV  
  125  24:25  Marine  
  125  24:26  Marine x2, Firebat  
  125  24:27  Marine  
  125  24:28  Medic  
  135  24:31  Marauder  
  135  24:35  Marine  
  135  24:38  Medic x2  
  138  24:40  SCV  
  138  24:43  Marauder  
  138  24:46  Structure Armor  
  138  24:48  Medic x2  
  142  24:56  Marauder  
  142  24:57  SCV  
  149  25:14  SCV  
  149  25:16  Marauder  
  149  25:17  Marine x2, Marauder  
  149  25:18  Marine x2, Marauder  
  150  25:27  Marine x2  
  150  25:28  Marine x2  
  150  25:29  Marauder  
  158  25:30  Marauder x2  
  158  25:31  SCV  
  158  25:37  Marine  
  158  25:38  Marine x3  
  169  25:42  Marauder  
  169  25:43  Marauder x2  
  169  25:47  Marine  
  169  25:48  SCV, Marine x2  
  169  25:49  Marine  
  180  25:54  Marauder  
  180  25:55  Marauder  
  180  25:56  Marauder  
  190  26:05  SCV  
  190  26:07  Marauder  
  190  26:08  Marauder  
  162  27:34  Command Center  
  160  27:48  Marine x2  
  160  27:49  Marine x5  
  158  27:58  Marine x2  
  158  27:59  Marine x5  
  165  28:08  Marine  
  165  28:09  Marine x5  
  170  28:10  Marine, Supply Depot  
  172  28:12  Supply Depot  
  172  28:14  Supply Depot  
  172  28:16  Supply Depot  
  172  28:19  Marine x5  
  171  28:20  Marine x2  
  172  28:30  Marine x3  
  189  29:25  Orbital Command  
  189  31:58  Command Center  
  189  32:01  Command Center  
  189  32:04  Command Center  
  189  32:08  Command Center  
  189  32:09  Command Center  
  188  32:23  Orbital Command  
Tags
 
Add a new tag
Caveats
  • Supply blocks, unpowered buildings, or Contaminate may cause inaccurate times.
  • Supply counts are checked every 10 seconds.